Map: Through the Darkness

Players

FrostyFenix

  • Race: Zerg Zerg
  • League: Diamond

GEETAY - Winner!

  • Race: Protoss Protoss
  • League: Platinum

VOD

Have the link to the VOD?

Description

Time

  • Played on: Oct. 10, 2016, 3:43 p.m.
  • Length: 7:06
Show
View Real Time Build Order
Export as new Build Order

FrostyFenix Zerg 

Build Orders: Hatch First 

Get SALT Encoding   

  12  0:01  Drone  
  13  0:08  Drone  
  14  0:15  Extractor  
  14  0:16  Drone  
  15  0:21  Overlord  
  15  0:45  Hatchery  
  15  0:48  Drone  
  15  0:51  Drone  
  16  1:10  Spawning Pool  
  15  1:15  Extractor, Drone  
  15  1:26  Drone x2  
  17  1:39  Overlord x2  
  17  1:58  Queen  
  17  2:01  Queen  
  21  2:05  Drone  
  22  2:17  Metabolic Boost  
  22  2:21  Drone x2  
  24  2:46  Baneling Nest, Drone x4  
  24  2:47  Drone  
  28  2:58  Spore Crawler  
  27  3:01  Spore Crawler  
  27  3:05  Drone  
  27  3:14  Zergling x10  
  27  3:15  Zergling x2  
  33  3:26  Zergling x8  
  37  3:49  Drone x2, Hatchery  
  37  3:50  Drone  
  37  3:52  Drone  
  40  4:05  Drone  
  40  4:06  Drone x3  
  40  4:09  Overlord  
  44  4:13  Overlord  
  40  4:26  Lair  
  40  4:29  Extractor  
  39  4:31  Drone x2  
  39  4:32  Drone x2  
  39  4:35  Evolution Chamber  
  42  4:40  Evolution Chamber  
  41  4:47  Roach Warren  
  41  4:51  Extractor  
  41  4:52  Drone x4  
  43  4:59  Drone x2  
  46  5:00  Drone  
  46  5:02  Drone  
  46  5:06  Queen  
  49  5:09  Drone  
  49  5:10  Drone  
  51  5:24  Extractor  
  51  5:27  Spire, Queen  
  51  5:29  Glial Reconstitution  
  51  5:31  Drone  
  51  5:34  Drone x2  
  54  5:37  Drone  
  55  5:55  Drone x3  
  55  5:56  Drone x2  
  60  6:01  Drone x2  
  60  6:02  Drone  
  60  6:03  Drone x3  
  66  6:06  Overlord  
  62  6:12  Zergling x4  
  62  6:13  Zergling x2  
  65  6:22  Zergling x6  
  57  6:27  Zergling x10  
  57  6:31  Zergling x2  
  57  6:32  Zergling x2  
  47  6:35  Zergling x2  
  47  6:37  Zergling x2  
  47  6:39  Zergling x2  
  48  6:44  Zergling x2  
  45  6:47  Zergling x2  
Show
View Real Time Build Order
Export as new Build Order

GEETAY Protoss - Winner!

Build Orders: 1 Gate Expand 

Get SALT Encoding   

  12  0:01  Probe (Chrono Boost)  
  13  0:11  Probe (Chrono Boost)  
  14  0:20  Pylon  
  14  0:29  Probe (Chrono Boost)  
  15  0:39  Gateway  
  15  0:41  Probe (Chrono Boost)  
  16  0:46  Assimilator  
  16  0:51  Probe (Chrono Boost)  
  17  1:17  Probe (Chrono Boost)  
  18  1:28  Probe (Chrono Boost), Cybernetics Core  
  19  1:39  Probe (Chrono Boost)  
  20  1:43  Nexus  
  20  1:50  Pylon  
  20  1:54  Probe (Chrono Boost)  
  21  2:04  Assimilator  
  21  2:05  Probe (Chrono Boost)  
  21  2:07  Warp Gate  
  22  2:12  Adept  
  24  2:17  Probe (Chrono Boost)  
  25  2:31  Mothership Core (Chrono Boost)  
  27  2:42  Gateway  
  27  2:43  Gateway  
  27  2:49  Probe (Chrono Boost)  
  27  2:50  Adept  
  30  2:56  Probe (Chrono Boost)  
  31  2:59  Probe (Chrono Boost)  
  32  3:10  Robotics Facility  
  32  3:15  Probe x2 (Chrono Boost)  
  34  3:21  Adept  
  34  3:26  Probe (Chrono Boost)  
  37  3:33  Adept  
  39  3:35  Adept  
  39  3:38  Probe (Chrono Boost)  
  39  3:40  Probe (Chrono Boost)  
  43  3:49  Pylon  
  43  3:50  Probe x2 (Chrono Boost)  
  45  4:02  Immortal  
  49  4:10  Probe (Chrono Boost)  
  49  4:12  Probe (Chrono Boost)  
  49  4:14  Assimilator  
  49  4:15  Sentry  
  53  4:21  Probe (Chrono Boost)  
  54  4:30  Pylon  
  54  4:33  Pylon  
  54  4:43  Immortal  
  54  4:48  Probe (Chrono Boost)  
  54  4:49  Pylon  
  54  4:50  Probe (Chrono Boost)  
  60  4:55  Gateway  
  60  4:56  Gateway  
  60  4:58  Probe (Chrono Boost)  
  61  5:02  Probe (Chrono Boost), Adept  
  61  5:04  Sentry  
  61  5:06  Sentry  
  68  5:09  Probe (Chrono Boost)  
  68  5:14  Probe (Chrono Boost)  
  70  5:17  Immortal  
  70  5:20  Probe (Chrono Boost)  
  71  5:23  Assimilator  
  71  5:26  Probe (Chrono Boost)  
  76  5:29  Pylon  
  76  5:32  Pylon  
  76  5:36  Adept  
  78  5:51  Warp Prism  
  78  5:55  Adept x2  
  83  6:36  Adept x5  
  83  7:00  Adept  
  83  7:01  Adept x4  
Tags
 
Add a new tag
Caveats
  • Supply blocks, unpowered buildings, or Contaminate may cause inaccurate times.
  • Supply counts are checked every 10 seconds.